 Dungeon Crawl Stone Soup version 0.28-a0-863-g8cecda6153 (webtiles) character file.

Game seed: 12250195753854242469

56 Htamos the Firebug (level 3, -2/29 HPs)
             Began as a Hill Orc Fire Elementalist on Nov 20, 2021.
             Killed by divine providence
             ... invoked by an orc priest
              (12 damage)
             ... on level 3 of the Dungeon.
             The game lasted 00:06:36 (2932 turns).

Htamos the Firebug (Hill Orc Fire Elementalist)     Turns: 2932, Time: 00:06:37

Health: -2/29      AC:  2    Str: 10 (11) XL:     3   Next: 97%
Magic:  2/5        EV:  9    Int: 14 (15) God:
Gold:   98         SH:  7    Dex: 10 (11) Spells: 2/5 levels left

rFire   . . .      SeeInvis .   b - +0 whip
rCold   . . .      Faith    .   k - +1 kite shield
rNeg    . . .      Spirit   .   a - +0 robe
rPois   .          Reflect  .   (no helmet)
rElec   .          Harm     .   (no cloak)
rCorr   .          Rampage  .   (no gloves)
Will    .....                   (no boots)
Stlth   ++........              (no amulet)
HPRegen 0.09/turn               (no ring)
MPRegen 0.09/turn               (no ring)

@: attractive, very slightly contaminated
A: no striking features
a: Convert to Beogh


You were on level 3 of the Dungeon.
You visited 1 branch of the dungeon, and saw 5 of its levels.

You collected 98 gold pieces.

Inventory:

Hand Weapons
 b - a +0 whip (weapon)
 g - a +1 antimagic lajatang
Missiles
 j - 6 atropa-tipped darts
 n - a throwing net
Armour
 a - a +0 robe (worn)
 e - a +0 ring mail
 k - a +1 kite shield (worn)
Jewellery
 d - a +6 ring of intelligence
Scrolls
 f - a scroll of amnesia
 m - 3 scrolls of noise {unknown}
Potions
 c - a potion of berserk rage
 l - a potion of brilliance {unknown}


   Skills:
 * Level 1.7 Fighting
 + Level 0.3 Maces & Flails
 * Level 1.3 Armour
 + Level 1.8 Dodging
 + Level 1.7 Stealth
 + Level 0.0 Shields
 + Level 1.7 Spellcasting
 * Level 1.6 Conjurations
 * Level 3.6 Fire Magic


You had 2 spell levels left.
You knew the following spells:

 Your Spells              Type           Power      Damage    Failure   Level
a - Foxfire               Conj/Fire      32%        2x1d5     52%         1
b - Scorch                Fire           22%        2d6       52%         2

Your spell library contained the following spells:

 Spells                   Type           Power      Damage    Failure   Level
 Conjure Flame            Conj/Fire      8%         6-21      87%         3
 Inner Flame              Hex/Fire       6%         N/A       94%         3
 Flame Wave               Conj/Fire      8%         3d4       99%         4


Dungeon Overview and Level Annotations

Branches:
Dungeon (5/15)
 Temple: D:4-7

Altars:
Yredelemnul


Message History

You can't go down here!
Casting: Foxfire (safe; 52% risk of failure)
Confirm with . or Enter, or press ? or * to list all spells.
You miscast Foxfire.
You are very lightly contaminated with residual magic.
Nothing appears to happen.
The orc priest hits you with a +0 hand axe.
* * * LOW HITPOINT WARNING * * *
Casting: Foxfire (safe; 52% risk of failure)
Confirm with . or Enter, or press ? or * to list all spells.
You conjure some foxfire!
The orc priest barely misses you.
The foxfire hits the orc priest.
The orc priest is lightly wounded.
The orc priest threatens, "By the altar or by the axe, you will meet Beogh!"
The foxfire hits the orc priest but does no damage.
The orc priest is lightly wounded.
The orc priest barely misses you.
Unknown command.
Casting: Foxfire (safe; 52% risk of failure)
Confirm with . or Enter, or press ? or * to list all spells.
You conjure some foxfire!
The orc priest threatens, "By the altar or by the axe, you will meet Beogh!"
The orc priest begins to cast a cantrip, but forgets the words!
An orc comes into view. It is wielding a +0 mace.
The orc is attracted toward you.
The foxfire hits the orc priest but does no damage.
The orc priest is lightly wounded.
The orc priest shouts, "Beogh is our master!
Accept the truth or die!"
The foxfire hits the orc priest but does no damage.
The orc priest is lightly wounded.
The orc priest calls down the wrath of Beogh upon you.
Pain shoots through your body!
* * * LOW HITPOINT WARNING * * *
The orc is attracted toward you.
You hit the orc priest but do no damage.
The orc priest is lightly wounded.
Unknown command.
The orc priest invokes the aid of Beogh against you.
Beogh smites you!
You die...

#.# #.# #.#....
#....##.... ..#...#
#....##.... .## .......
+....+.... ... #.#...#
#....##..# ...# ......#
#....##).# ....#
#.##..#####....##..##.....
#.##..#.........#........#
................@.........
....###.##.##.#.#........#
....# #.<#.##§#.#o....#.##
....#####........o.....<.<
#........)......#..#.#.###
##############...........
# #.#.........# #
#.#.####.#..# # # .§ .#..


You could see an orc priest and an orc.

Vanquished Creatures
  3 dart slugs
  3 ball pythons
  4 endoplasms (D:1)
  A giant cockroach (D:1)
  7 goblins
  4 hobgoblins
  2 jackals (D:2)
  4 kobolds
  3 quokkas
  4 bats
  5 frilled lizards
  A rat (D:2)
41 creatures vanquished.

Vanquished Creatures (collateral kills)
  A worm (D:2)
1 creature vanquished.

Vanquished Creatures (others)
  A quokka (D:3)
  105 foxfires
106 creatures vanquished.

Grand Total: 148 creatures vanquished

Notes
Turn   | Place    | Note
-------+----------+-------------------------------------------
     0 | D:1      | Htamos the Hill Orc Fire Elementalist began the quest for
                  | the Orb.
     0 | D:1      | Reached XP level 1. HP: 14/14 MP: 3/3
     9 | D:1      | Found a faded altar of an unknown god.
   385 | D:1      | Reached XP level 2. HP: 22/22 MP: 2/4
   549 | D:1      | Learned a level 2 spell: Scorch
   905 | D:1      | Reached skill level 1 in Armour
   911 | D:1      | Reached skill level 1 in Fighting
  1362 | D:1      | Reached XP level 3. HP: 23/28 MP: 1/5
  1866 | D:2      | Found a basalt altar of Yredelemnul.
  2687 | D:2      | You fall into a shaft and drop 1 floor!
  2689 | D:3      | You fall into a shaft and drop 1 floor!
  2690 | D:4      | Noticed a scorpion
  2700 | D:5      | Entered Level 5 of the Dungeon
  2932 | D:3      | Killed from afar by an orc priest

Illustrated notes

Levels and vault maps discovered:
D:1:      lightli_molten_gateway, layout_basic,
          hellmonk_ecumenical_altar_crossroads
D:2:      layout_basic, basic_altar, serial_forest,
          infiniplex_forest_lined_corner, infiniplex_forest_lined_room_2,
          infiniplex_forest_split, infiniplex_forest_lined_room_3,
          infiniplex_forest_join, infiniplex_forest_fountain,
          infiniplex_forest_clump_double
D:3:      layout_basic, elyvilon_altar_4, minmay_box_of_dots
D:4:      layout_basic, st_stairs_3
D:5:      layout_basic, trog_hazing_becter, xom_teletrap_fun

Skill      XL: |  1  2 |
---------------+-------+-----
Armour         | 1 |  1.3
Fighting       | 1 |  1.7
Maces & Flails | |  0.3
Dodging        | |  1.8
Stealth        | |  1.7
Spellcasting   | |  1.7
Conjurations   | |  1.6
Fire Magic     | |  3.6

Action                   || total
-------------------------++-------
Melee: Whip              ||    37
 Cast: Foxfire           ||    61
  Use: Potion            ||     3
       Scroll            ||     5
 Stab: Sleeping          ||     2
Armor: Robe              ||    14
Dodge: Dodged            ||    57
Block: Kite shield       ||     8

Table legend: (Time is in decaauts)
 A = Elapsed time spent in this place.
 B = Non-inter-level travel time spent in this place.
 C = Inter-level travel time spent in this place.
 D = Time resting spent in this place.
 E = Time spent auto-exploring this place.
 F = Levels seen in this place.
 G = Mean time per level.
                   A        B        C        D        E       F      G
               +--------+--------+--------+--------+--------+-----+--------+
         Total |   2938 |   2850 |     88 |      0 |   2314 |   5 |  587.6 |
       Dungeon |   2938 |   2850 |     88 |      0 |   2314 |   5 |  587.6 |
               +--------+--------+--------+--------+--------+-----+--------+

Top non-repeatable levels by time:
     D:1: 1794 daAuts
     D:2: 897 daAuts
     D:3: 125 daAuts
     D:5: 102 daAuts
     D:4: 18 daAuts
